 Dungeon Crawl Stone Soup version 0.25-a0-1133-g93ebf739aa (webtiles) character file.

Game seed: 1731941549393977542, levelgen mode: deterministic

237 Lanoc the Fighter (level 5, -2/55 HPs)
             Began as a Draconian Wanderer on May 20, 2020.
             Slain by a gnoll
             ... wielding a +0 spear
              (9 damage)
             ... on level 4 of the Dungeon.
             The game lasted 00:06:14 (3571 turns).

Lanoc the Fighter (Draconian Wanderer)              Turns: 3571, Time: 00:06:15

Health: -2/55      AC:  7    Str: 11 (14) XL:     5   Next: 77%
Magic:  5/5        EV: 12    Int: 13 (14) God:
Gold:   143        SH:  0    Dex:  7 (10) Spells: 4/4 levels left

rFire    . . .     SeeInvis .   a - +2 mace
rCold    + . .     Gourm    .   (no shield)
rNeg     . . .     Faith    .   (armour unavailable)
rPois    .         Spirit   .   (helmet restricted)
rElec    .         Reflect  .   (no cloak)
rCorr    .         Harm     .   i - +0 pair of gloves
MR       .....     Rnd*Rage +   d - +0 pair of boots
Stlth    +.........             (no amulet)
HPRegen  0.18/turn              v - ring of protection from cold
MPRegen  0.09/turn              (no ring)

@: flying
A: unfitting armour, hooves 1, berserk 1, cold-blooded, AC +5
a: no special abilities


You were on level 4 of the Dungeon.
You were near starving.

You visited 1 branch of the dungeon, and saw 4 of its levels.

You collected 143 gold pieces.

Inventory:

Hand Weapons
 a - a +2 mace (weapon)
Armour
 d - a +0 pair of boots (worn)
 i - a +0 pair of gloves (worn)
Jewellery
 v - a ring of protection from cold (left hand)
Wands
 s - a wand of paralysis (5)
 t - a wand of iceblast (7)
Scrolls
 b - 3 scrolls of teleportation
 e - a scroll of enchant armour {unknown}
 f - a scroll of fog {unknown}
 h - 4 scrolls of remove curse {unknown}
 k - a scroll of amnesia {unknown}
 o - 2 scrolls of identify {unknown}
 p - a scroll of random uselessness {unknown}
Potions
 g - a potion of magic
 j - a potion of curing
Comestibles
 c - 9 rations


   Skills:
 + Level 8.3 Fighting
 * Level 4.1 Maces & Flails
 + Level 2.3 Dodging
 - Level 1.0 Stealth
   Level 1.0 Shields


You had 4 spell levels left.
You didn't know any spells.
Your spell library was empty.

Dungeon Overview and Level Annotations

Branches:
Dungeon (4/15)
 Temple: D:4-7

Altars:


Innate Abilities, Weirdness & Mutations

Your plain brown scales are hard. (AC +5)
You cannot fit into any form of body armour.
You are cold-blooded and may be slowed by cold attacks.
You have large cloven feet.
You tend to lose your temper in combat.


Message History

The gnoll misses you. The gnoll barely misses you.
The gnoll closely misses you. The gnoll hits you with a +0 spear.
You sock the gnoll!
The gnoll is severely wounded.
The gnoll is no longer moving quickly.
The gnoll hits you with a +0 spear.
* * * LOW HITPOINT WARNING * * *
The gnoll hits you but does no damage. x2
You hit the gnoll.
The gnoll is almost dead.
The gnoll hits you from afar with a +0 spear.
* * * LOW HITPOINT WARNING * * *
The gnoll barely misses you. x2
You barely miss the gnoll.
The gnoll is almost dead.
The gnoll hits you with a +0 spear.
* * * LOW HITPOINT WARNING * * *
The gnoll hits you from afar with a +0 spear!
You die...

###
#########.#
#.g..g....#
#g#######.#
#@# #.########
#.# #..=(.....
.........#
###...g...
...........
#.......
.............
#.......
.............#
#.......
.............#
########
.............#
#......
.............#
#......


You could see 2 gnolls.

Vanquished Creatures
  A gnoll shaman (D:4)
  Natasha (thrice) (D:2)
  5 gnolls
  2 adders (D:3)
  An ooze (D:1)
  A worm (D:3)
  2 dart slugs
  A leopard gecko (D:2)
  2 orcs (D:3)
  2 giant cockroaches (D:3)
  A goblin (D:3)
  9 hobgoblins
  5 jackals
  2 quokkas
  A ball python (D:3)
  6 bats
  5 frilled lizards
  4 kobolds
  7 rats
60 creatures vanquished.

Notes
Turn   | Place    | Note
-------+----------+-------------------------------------------
     0 | D:1      | Lanoc the Draconian Wanderer began the quest for the Orb.
     0 | D:1      | Lanoc set off with the following items: a +2 mace, 2
                  | scrolls of teleportation, a ration
     0 | D:1      | Reached XP level 1. HP: 27/27 MP: 1/1
   192 | D:1      | Reached XP level 2. HP: 33/35 MP: 2/2
   826 | D:2      | Reached skill level 1 in Dodging
   829 | D:2      | Noticed Natasha
  1045 | D:2      | Killed Natasha
  1045 | D:2      | Reached XP level 3. HP: 24/40 MP: 3/3
  1490 | D:2      | Noticed Natasha
  1493 | D:2      | Killed Natasha
  1493 | D:2      | Reached skill level 8 in Fighting
  1493 | D:2      | Reached XP level 4. HP: 48/48 MP: 4/4
  1831 | D:2      | Noticed Natasha
  1846 | D:2      | Killed Natasha
  1995 | D:3      | Reached XP level 5. HP: 40/53 MP: 5/5
  2256 | D:3      | Noticed a two-headed ogre
  3560 | D:4      | Gained mutation: You tend to lose your temper in combat.
                  | [potion of mutation]
  3560 | D:4      | Gained mutation: You have large cloven feet. [potion of
                  | mutation]
  3571 | D:4      | Slain by a gnoll

Illustrated notes

Levels and vault maps discovered:
D:1:      dpeg_arrival_radiant, layout_basic
D:2:      layout_basic, uniq_natasha
D:3:      layout_loops_cross
D:4:      layout_basic, lemuel_round_altar, minmay_temple_entry_glassed_door,
          first_ration

Skill      XL: |  1  2  3  4  5 |
---------------+----------------+-----
Maces & Flails | 2 3 4 |  4.1
Dodging        | 1 2 |  2.3
Fighting       | 8 |  8.3
Stealth        | |  1.0
Shields        | |  1.0

Action                   |  1- 3 |  4- 6 || total
-------------------------+-------+-------++-------
Melee: Mace              |    73 |   142 ||   215
       Tailslap          |     7 |    10 ||    17
Evoke: Wand              |       |     3 ||     3
  Use: Potion            |       |     9 ||     9
 Stab: Sleeping          |     1 |     2 ||     3
  Eat: Chunk             |     2 |     5 ||     7
Armor: Skin              |    33 |    53 ||    86
Dodge: Dodged            |    63 |   117 ||   180

Table legend:
 A = Non-vault XP
 B = Vault XP
 C = Vault XP percentage of total XP
 D = Non-vault monster count
 E = Vault monster count
 F = Vault count percentage of total count
                 A         B        C        D         E       F
            +---------+---------+-------+---------+---------+-------
      Total |     304 |      35 |  10.3 |      59 |       1 |   1.7
            +---------+---------+-------+---------+---------+-------
        D:1 |      31 |       0 |   0.0 |      15 |       0 |   0.0
        D:2 |     117 |      35 |  23.0 |      14 |       1 |   6.7
        D:3 |      94 |       0 |   0.0 |      27 |       0 |   0.0
        D:4 |      62 |       0 |   0.0 |       3 |       0 |   0.0
            +---------+---------+-------+---------+---------+-------
